 Dungeon Crawl Stone Soup version 0.27-a0-660-g90476cec82 (webtiles) character file.

Game seed: 4360549601052423490

695 MalarOregon the Stinger (level 7, -1/45 HPs)
             Began as a Halfling Venom Mage on Mar 16, 2021.
             Slain by an elf zombie (4 damage)
             ... in an ossuary.
             The game lasted 00:15:28 (7095 turns).

MalarOregon the Stinger (Halfling Venom Mage)       Turns: 7095, Time: 00:15:28

Health: -1/45      AC:  2    Str:  9    XL:     7   Next: 96%
Magic:  4/11       EV: 16    Int: 15    God:
Gold:   126        SH:  0    Dex: 15    Spells: 2/11 levels left

rFire    . . .     SeeInvis .   d - +0 dagger
rCold    . . .     Faith    .   (shield restricted)
rNeg     . . .     Spirit   .   a - +0 robe
rPois    .         Reflect  .   (no helmet)
rElec    .         Harm     .   (no cloak)
rCorr    .         Rampage  .   (no gloves)
Will     .....                  (no boots)
Stlth    ++........             (no amulet)
HPRegen  0.15/turn              (no ring)
MPRegen  0.12/turn              (no ring)

@: no status effects
A: small, no large weapons, mutation resistance 1
a: no special abilities


You were in an ossuary.
You visited 1 branch of the dungeon, and saw 4 of its levels.
You also visited: Ossuary.

You collected 126 gold pieces.

Inventory:

Hand Weapons
 d - a +0 dagger (weapon)
   (You took it off a kobold on level 1 of the Dungeon)
Armour
 a - a +0 robe (worn)
Potions
 e - a potion of curing {@q1}
 f - a potion of magic
 h - a potion of flight
 n - a potion of ambrosia


   Skills:
 + Level 2.6 Fighting
 + Level 4.0 Dodging
 - Level 2.1 Stealth
 + Level 2.8 Spellcasting
 - Level 0.5 Transmutations
 - Level 3.0 Fire Magic
 * Level 0.2 Air Magic
 * Level 5.7 Poison Magic


You had 2 spell levels left.
You knew the following spells:

 Your Spells              Type           Power      Damage    Failure   Level
a - Sting                 Tmut/Pois      44%        1d5       5%          1
b - Ignite Poison         Fire/Tmut/Pois 11%        N/A       17%         3
f - Mephitic Cloud        Conj/Pois/Air  8%         N/A       26%         3
x - Poisonous Vapours     Pois/Air       22%        N/A       9%          2

Your spell library contained the following spells:

 Spells                   Type           Power      Damage    Failure   Level
 Magic Dart               Conj           8%         1d3       21%         1
 Searing Ray              Conj           4%         3d3       30%         2
 Olgreb's Toxic Radiance  Pois           19%        N/A       19%         4
 Dazzling Flash           Conj/Hex       4%         N/A       52%         3
 Fulminant Prism          Conj/Hex       1%         3d6       90%         4
 Iskenderun's Mystic Bla  Conj/Tloc      2%         2d3       90%         4


Dungeon Overview and Level Annotations

Branches:
Dungeon (4/15)             Temple (0/1) D:4         Ossuary (1/1)

Altars:
Cheibriados
Fedhas


Innate Abilities, Weirdness & Mutations

You are small and have problems with some larger weapons.
You are somewhat resistant to further mutation.


Message History

You hit the kobold zombie. The centaur zombie barely misses you.
The human zombie is engulfed in blazing flames.
You hit the kobold zombie.
You destroy the kobold zombie!
The centaur zombie hits you.
* * * LOW HITPOINT WARNING * * *
The centaur zombie completely misses you.
The kobold zombie is engulfed in blazing flames.
You destroy the kobold zombie!
The adder zombie is engulfed in blazing flames.
The centaur zombie hits you but does no damage.
The centaur zombie hits you!
* * * LOW HITPOINT WARNING * * *
The centaur zombie closely misses you.
Sorry, you're not good enough to have a special ability.
Okay, then.
The centaur zombie closely misses you. The centaur zombie closely misses you.
The centaur zombie barely misses you.
Aim: a centaur zombie (almost destroyed, 0% to evade)
The sting hits the centaur zombie.
The centaur zombie partially resists.
The centaur zombie hits you.
* * * LOW HITPOINT WARNING * * *
Aim: a centaur zombie (almost destroyed, 0% to evade)
You miscast Sting.
You are very lightly contaminated with residual magic.
Nothing appears to happen.
The centaur zombie misses you. The centaur zombie closely misses you.
Aim: a centaur zombie (almost destroyed, 0% to evade)
The sting hits the centaur zombie.
The centaur zombie partially resists.
The centaur zombie hits you!
* * * LOW HITPOINT WARNING * * *
The centaur zombie hits you.
* * * LOW HITPOINT WARNING * * *
You feel a little less mighty now. The centaur zombie closely misses you.
Your magical contamination has completely faded away.
The centaur zombie closely misses you. The centaur zombie misses you.
The centaur zombie closely misses you. The centaur zombie barely misses you.
The human zombie misses you. The human zombie barely misses you.
The centaur zombie hits you but does no damage.
The centaur zombie closely misses you. The centaur zombie barely misses you.
The adder zombie bites you.
* * * LOW HITPOINT WARNING * * *
The centaur zombie barely misses you. The elf zombie hits you.
You die...

#..M# #.......#...#
#.Z.# #.......#...#
#...#Z####.......#Z..#
#...#............#...#
#...# #..# #...# #...#
#..# #...# #..M# #..#
#...#
#...######..######...#
#.Z..@ZZ.....Z.......#
#.....Z..8..8........#
#.......Z............#
#....................#
######################


You could see an adder zombie, a hobgoblin zombie, an elf zombie, a centaur
zombie and a human zombie.

Vanquished Creatures
  A moth of wrath (D:4)
  A scorpion (D:4)
  An orc priest (D:4)
  A centaur skeleton (D:4)
  A worker ant (D:4)
  9 adders
  An ufetubus (D:3)
  3 adder zombies (Ossuary)
  3 worms
  3 dart slugs
  5 leopard geckos
  3 orcs
  4 giant cockroaches
  8 goblins
  8 hobgoblins
  4 jackals (D:1)
  6 kobolds
  A quokka (D:3)
  A ball python (D:3)
  10 bats
  8 frilled lizards
  7 hobgoblin zombies (Ossuary)
  A jackal zombie (Ossuary)
  11 kobold zombies (Ossuary)
  5 orc zombies (Ossuary)
  7 rats
  A rat zombie (Ossuary)
114 creatures vanquished.

Vanquished Creatures (others)
  2 fungi (D:2)
  A plant (D:2)
3 creatures vanquished.

Grand Total: 117 creatures vanquished

Notes
Turn   | Place    | Note
-------+----------+-------------------------------------------
     0 | D:1      | MalarOregon the Halfling Venom Mage began the quest for the
                  | Orb.
     0 | D:1      | Reached XP level 1. HP: 11/11 MP: 3/3
   472 | D:1      | Reached XP level 2. HP: 17/17 MP: 2/4
   691 | D:1      | Learned a level 2 spell: Poisonous Vapours
   829 | D:1      | Reached XP level 3. HP: 22/22 MP: 3/5
  1540 | D:2      | Reached skill level 1 in Fighting
  2084 | D:2      | Reached XP level 4. HP: 28/28 MP: 0/7
  2267 | D:2      | Learned a level 3 spell: Ignite Poison
  2276 | D:2      | Found a blossoming altar of Fedhas.
  3494 | D:3      | Reached skill level 4 in Poison Magic
  3494 | D:3      | Reached XP level 5. HP: 28/33 MP: 1/8
  3598 | D:3      | Reached skill level 1 in Fire Magic
  5323 | D:4      | Found a staircase to the Ecumenical Temple.
  5331 | D:4      | Reached XP level 6. HP: 29/39 MP: 2/9
  5506 | D:4      | Found a snail-covered altar of Cheibriados.
  6006 | D:4      | Noticed a moth of wrath
  6036 | D:4      | Killed a moth of wrath
  6037 | D:4      | Reached skill level 5 in Poison Magic
  6037 | D:4      | Reached XP level 7. HP: 45/45 MP: 6/11
  6046 | D:4      | Found a sand-covered staircase.
  6068 | Ossuary  | Entered an ossuary
  6166 | Ossuary  | Learned a level 3 spell: Mephitic Cloud
  7069 | Ossuary  | HP: 1/45 [centaur zombie (5)]
  7095 | Ossuary  | Slain by an elf zombie

Illustrated notes

Levels and vault maps discovered:
D:1:      scummos_arrival_forest, layout_basic, nrook_mini_backslash,
          patterned_corridor
D:2:      layout_basic, fedhas_altar_3
D:3:      layout_loops_ring, kennysheep_nub
D:4:      kennysheep_the_goblin_king, layout_loops_ring, okawaru_trees_1,
          tgw_trog, lemuel_doored_altar, minmay_temple_entry_waves,
          nicolae_ossuary_entry_false_entrances, serial_shops,
          nicolae_shop_waterfront, st_stairs_4
Ossuary:  ossuary_tomb_1

Skill      XL: |  1  2  3  4  5  6  7 |
---------------+----------------------+-----
Fighting       | 1 2 |  2.6
Spellcasting   | 2 |  2.8
Dodging        | 3 4 |  4.0
Poison Magic   | 4 5 |  5.7
Fire Magic     | 1 3 |  3.0
Stealth        | |  2.1
Transmutations | |  0.5
Air Magic      | |  0.2

Action                   |  1- 3 |  4- 6 |  7- 9 || total
-------------------------+-------+-------+-------++-------
Melee: Unarmed           |     1 |       |       ||     1
       Dagger            |    51 |    76 |   188 ||   315
 Cast: Sting             |    39 |    35 |     3 ||    77
       Poisonous Vapours |     4 |    76 |       ||    80
       Mephitic Cloud    |       |       |     4 ||     4
       Ignite Poison     |       |       |     2 ||     2
  Use: Scroll            |       |     8 |     1 ||     9
       Potion            |       |     2 |     5 ||     7
 Stab: Invisible         |       |     1 |     2 ||     3
       Sleeping          |       |       |     1 ||     1
Armor: Robe              |    12 |     6 |    23 ||    41
Dodge: Dodged            |    47 |    93 |   228 ||   368

Table legend: (Time is in decaauts)
 A = Elapsed time spent in this place.
 B = Non-inter-level travel time spent in this place.
 C = Inter-level travel time spent in this place.
 D = Time resting spent in this place.
 E = Time spent auto-exploring this place.
 F = Levels seen in this place.
 G = Mean time per level.
                   A        B        C        D        E       F      G
               +--------+--------+--------+--------+--------+-----+--------+
         Total |   7098 |   6811 |    287 |   1573 |   3890 |   5 | 1419.6 |
       Dungeon |   6066 |   5779 |    287 |   1234 |   3855 |   4 | 1516.5 |
       Ossuary |   1032 |   1032 |      0 |    339 |     35 |   1 | 1032.0 |
               +--------+--------+--------+--------+--------+-----+--------+

Top non-repeatable levels by time:
     D:3: 2089 daAuts
     D:2: 1693 daAuts
     D:1: 1528 daAuts
 Ossuary: 1032 daAuts
     D:4: 754 daAuts
